 Dungeon Crawl Stone Soup version 0.32-a0-898-g7811c86cf0 (webtiles) character file.

Game seed: 154586947553929145

44594 darkkles the Fighter (level 13, -7/122 HPs)
             Began as a Minotaur Fighter on Apr 3, 2024.
             Was a High Priest of Okawaru.
             Mangled by an eight-headed hydra (10 damage)
             ... in the Arena on Apr 4, 2024.
             The game lasted 03:09:57 (24475 turns).

darkkles the Fighter (Minotaur Fighter)            Turns: 24475, Time: 03:09:58

Health: -7/122     AC: 22    Str: 29    XL:     13   Next: 97%
Magic:  0/19       EV:  7    Int:  5    God:    Okawaru [*****.]
Gold:   389        SH:  7    Dex: 13    Spells: 12/12 levels left

rFire   . . .        a - +1 war axe (heavy)
rCold   + . .        c - +0 buckler
rNeg    . . .        o - +0 plate armour
rPois   .            n - +1 hat
rElec   .            Q - +1 cloak
rCorr   .            H - +0 pair of gloves
SInv    .            T - +0 pair of boots {rampage}
Will    .....        j - amulet of guardian spirit Stlth
                     k - ring of protection from cold
HPRegen 0.40/turn    Y - +6 ring of strength
MPRegen 0.16/turn

%: guardian spirit, rampage
@: duelling
A: horns 2, retaliatory headbutt
a: Renounce Religion, Heroism, Finesse, Duel


You were in the Arena.
You worshipped Okawaru.
Okawaru was extremely pleased with you.
You visited 3 branches of the dungeon, and saw 18 of its levels.
You also visited: Volcano.

You collected 899 gold pieces.
You spent 510 gold pieces at shops.

Inventory:

Hand Weapons
 a - a +1 heavy war axe (weapon)
Missiles
 g - 2 darts of dispersal
 A - 10 poisoned darts (quivered)
 F - 9 atropa-tipped darts
 L - 7 curare-tipped darts
 R - 4 datura-tipped darts
 U - a boomerang
Armour
 c - a +0 buckler (worn)
 n - a +1 hat (worn)
 o - a +0 plate armour (worn)
 v - a +3 leather armour of fire resistance
 x - a scarf of invisibility
 H - a +0 pair of gloves (worn)
 K - a +4 chain mail of fire resistance
 Q - a +1 cloak (worn)
 T - a +0 pair of boots of rampaging (worn)
Jewellery
 j - an amulet of guardian spirit (around neck)
 k - a ring of protection from cold (left hand)
 B - a ring of ice
 S - a ring of wizardry
 Y - a +6 ring of strength (right hand)
Wands
 r - a wand of roots (9)
 u - a wand of paralysis (22)
 M - a wand of flame (9)
 O - a wand of mindburst (10)
 X - a wand of quicksilver (7)
Scrolls
 b - a scroll of enchant weapon
 e - 3 scrolls of poison
 h - a scroll of enchant armour
 i - 3 scrolls of amnesia
 p - 2 scrolls of fear
 s - 9 scrolls of teleportation
 w - a scroll of identify
 y - 3 scrolls of immolation
 z - a scroll of revelation
 P - 4 scrolls of fog
Potions
 d - 4 potions of might
 f - 11 potions of curing
 l - 3 potions of attraction
 m - 2 potions of ambrosia
 q - a potion of haste
 t - 4 potions of lignification
 C - 2 potions of resistance
 E - 2 potions of brilliance
 I - a potion of berserk rage
 J - 2 potions of enlightenment
 N - 2 potions of experience
 V - a potion of mutation
 W - a potion of cancellation


   Skills:
 + Level 13.2 Fighting
 + Level 12.9 Axes
 - Level 6.0 Throwing
 + Level 13.1 Armour
 + Level 13.0 Shields
 + Level 9.8 Invocations
 - Level 5.0 Evocations


You had 12 spell levels left.
You didn't know any spells.
Your spell library contained the following spells:

 Spells                   Type           Power      Damage    Failure   Level
 Apportation              Tloc           0%         N/A       98%         1
 Necrotise                Necr           0%         1d4       98%         1
 Sting                    Conj/Alch      0%         1d3       98%         1
 Lesser Beckoning         Tloc           0%         N/A       99%         2
 Static Discharge         Conj/Air       0%         3-3/arc   99%         2
 Maxwell's Portable Pile  Tloc           0%         2d(5-13)  100%        3
 Teleport Other           Tloc           0%         N/A       100%        3
 Airstrike                Air            0%         2d(0-16)  100%        4
 Brom's Barrelling Bould  Conj/Erth      0%         2d3       100%        4
 Fireball                 Conj/Fire      0%         3d3       100%        5
 Iskenderun's Battlesphe  Conj           0%         2d6       100%        5
 Conjure Ball Lightning   Conj/Air       0%         3x3d6     100%        6
 Orb of Destruction       Conj           0%         9d5       100%        7
 Summon Small Mammal      Summ           Unusable   N/A       N/A         1
 Call Canine Familiar     Summ           Unusable   N/A       N/A         3
 Summon Blazeheart Golem  Fire/Summ      Unusable   N/A       N/A         4
 Summon Lightning Spire   Summ/Air       Unusable   N/A       N/A         4
 Spellforged Servitor     Conj/Summ      Unusable   N/A       N/A         7

Dungeon Overview and Level Annotations

Branches:
Dungeon (12/15)            Temple (1/1) D:5            Lair (5/5) D:11
  Swamp (0/4) Lair:3        Snake (0/4) Lair:3          Orc (0/2) D:10
Volcano (visited)
  Slime: Lair:4-5

Altars:
Ashenzari
Cheibriados
Dithmenos
Elyvilon
Fedhas
Gozag
Hepliaklqana
Kikubaaqudgha
Makhleb
Nemelex Xobeh
Okawaru
Qazlal
Ru
Sif Muna
Trog
Uskayaw
Vehumet
Wu Jian
Xom
Yredelemnul
Zin
The Shining One
Beogh

Shops:
D:10 [[!

Annotations:
D:6 Jeremiah
D:8 1 runed translucent door
D:10 exclusion: orange crystal statue
Lair:4 Rupert


Innate Abilities, Weirdness & Mutations

You have a pair of horns on your head.
You reflexively headbutt those who attack you in melee.


Message History

The seven-headed hydra barely misses you.
The seven-headed hydra bites you but does no damage.
You feel much better.
You block the seven-headed hydra's attack.
The seven-headed hydra bites you.
The seven-headed hydra bites you but does no damage.
The seven-headed hydra closely misses you.
The seven-headed hydra bites you.
* * * LOW HITPOINT WARNING * * *
You block the seven-headed hydra's attack.
The seven-headed hydra barely misses you.
You hack one of the seven-headed hydra's heads off!
The six-headed hydra grows two more!
You slice the eight-headed hydra!! You headbutt the eight-headed hydra!
The eight-headed hydra is severely wounded.
The eight-headed hydra bites you!
* * * LOW HITPOINT WARNING * * *
The eight-headed hydra bites you but does no damage.
The eight-headed hydra bites you.
* * * LOW HITPOINT WARNING * * *
The eight-headed hydra bites you!
* * * LOW HITPOINT WARNING * * *
You block the eight-headed hydra's attack.
The eight-headed hydra bites you but does no damage. x3
Aiming: Throw Flame
Press: ? - help, Shift-Dir - straight line, f - eight-headed hydra
Aim: an eight-headed hydra (severely wounded, 91% to hit)
The puff of flame hits the eight-headed hydra!
The eight-headed hydra is severely wounded.
The eight-headed hydra bites you!
* * * LOW HITPOINT WARNING * * *
You block the eight-headed hydra's attack.
The eight-headed hydra completely misses you.
The eight-headed hydra bites you.
* * * LOW HITPOINT WARNING * * *
You block the eight-headed hydra's attack.
The eight-headed hydra bites you but does no damage.
The eight-headed hydra bites you!
You die...
Okawaru crowns the eight-headed hydra victorious!

###########
#..pppp.p.#
#.▓▓▓▓▓▓▓.#
#.▓.....▓.#
#p▓...D.▓p#
#p▓..@..▓p#
#p▓.....▓p#
#.▓.....▓p#
#p▓▓▓▓▓▓▓.#
#..p▓∩▓p..#
###########


You could see an eight-headed hydra.

Vanquished Creatures
  Gastronok (D:10)
  Nessos (Lair:4)
  Fannar (D:10)
  An alligator (Lair:3)
  A centaur warrior (D:11)
  2 boulder beetles
  An anaconda (Lair:4)
  5 death yaks (Lair:2)
  A two-headed ogre (D:11)
  A hell hog (Volcano)
  The ghost of s4kkeboi the Grappler, a novice TrFi of Wu Jian (D:8)
  Nergalle (D:10)
  A fire crab (Volcano)
  An obsidian statue (Volcano)
  2 ugly things
  A cyclops (D:6)
  5 black mambas
  11 elephants (Lair:3)
  Joseph (D:7)
  2 gargoyles
  9 cane toads
  10 komodo dragons
  2 trolls
  Prince Ribbit (D:7)
  4 dream sheep (Lair:4)
  11 blink frogs
  Sigmund (D:3)
  2 shadows
  27 yaks
  3 wraiths
  6 wyverns
  3 basilisks
  A vampire (D:9)
  14 fire bats
  5 steam dragons
  2 nagas (Lair:3)
  A hell hound (Volcano)
  15 water moccasins
  2 ice beasts (D:6)
  A sky beast (D:6)
  6 black bears
  6 orc warriors
  4 centaurs
  An ogre (D:6)
  11 wolves
  5 kobold brigands
  16 bullfrogs
  Blork the orc (D:4)
  5 scorpions
  9 wights
  10 killer bees
  4 howler monkeys
  3 lava snakes (Volcano)
  3 hounds (D:5)
  2 bombardier beetles
  3 jellies
  9 orc priests
  3 iguanas
  2 sleepcaps
  Ijyb (D:3)
  13 orc wizards
  5 hell rats (Lair:1)
  Robin (D:3)
  3 gnolls (D:2)
  5 adders
  A shadow imp (D:7)
  A white imp (D:6)
  2 ribbon worms (D:2)
  7 dart slugs
  40 orcs
  6 ball pythons
  8 bats
  5 endoplasms
  4 giant cockroaches
  14 goblins
  6 hobgoblins
  2 quokkas
  3 frilled lizards
  26 kobolds
  6 rats
423 creatures vanquished.

Vanquished Creatures (others)
  2 orcs (D:10)
2 creatures vanquished.

Grand Total: 425 creatures vanquished

Notes
Turn   | Place    | Note
-------+----------+-------------------------------------------
     0 | D:1      | darkkles the Minotaur Fighter began the quest for the Orb.
     0 | D:1      | Reached XP level 1. HP: 19/19 MP: 0/0
   135 | D:1      | Reached XP level 2. HP: 27/27 MP: 1/1
   712 | D:2      | Reached XP level 3. HP: 33/33 MP: 2/2
  1095 | D:2      | Reached XP level 4. HP: 40/40 MP: 3/3
  1114 | D:2      | Reached skill level 1 in Throwing
  1116 | D:2      | HP: 1/40 [poisoned by a gnoll]
  1790 | D:3      | Noticed a bullfrog
  1795 | D:3      | Killed a bullfrog
  1796 | D:3      | Reached skill level 1 in Evocations
  1796 | D:3      | Reached XP level 5. HP: 38/47 MP: 2/4
  2053 | D:3      | Noticed Robin
  2070 | D:3      | Killed Robin
  2360 | D:3      | Reached XP level 6. HP: 51/55 MP: 5/5
  2482 | D:3      | Noticed Ijyb
  2482 | D:3      | Paralysed by Ijyb for 4 turns
  2488 | D:3      | Paralysed by Ijyb for 5 turns
  2500 | D:3      | Paralysed by Ijyb for 2 turns
  2502 | D:3      | Killed Ijyb
  2542 | D:3      | Reached skill level 5 in Fighting
  2575 | D:3      | Noticed Sigmund
  2666 | D:3      | Killed Sigmund
  2667 | D:3      | Reached skill level 5 in Armour
  2667 | D:3      | Reached skill level 5 in Shields
  2667 | D:3      | Reached XP level 7. HP: 45/61 MP: 4/6
  3472 | D:5      | Entered Level 5 of the Dungeon
  3596 | D:5      | Found a white marble altar of Elyvilon.
  3664 | D:5      | Found a shadowy altar of Dithmenos.
  3664 | D:5      | Found a sparkling altar of Nemelex Xobeh.
  3666 | D:5      | Found a bloodstained altar of Trog.
  3666 | D:5      | Found a snail-covered altar of Cheibriados.
  3668 | D:5      | Found an opulent altar of Gozag.
  3669 | D:5      | Found a glowing silver altar of Zin.
  3820 | D:5      | Reached skill level 5 in Axes
  4015 | D:5      | Reached XP level 8. HP: 36/70 MP: 4/7
  4212 | D:5      | Noticed Blork the orc
  4253 | D:4      | Killed Blork the orc
  4426 | D:5      | Found a staircase to the Ecumenical Temple.
  4432 | Temple   | Entered the Ecumenical Temple
  4457 | Temple   | Became a worshipper of Warmaster Okawaru
  4586 | D:6      | Noticed Jeremiah
  5915 | D:6      | Reached skill level 1 in Invocations
  5964 | D:6      | Reached * piety under Okawaru
  6651 | D:6      | Reached XP level 9. HP: 56/76 MP: 6/9
  7024 | D:7      | Noticed a cyclops
  7222 | D:6      | Killed a cyclops
  7222 | D:6      | Reached ** piety under Okawaru
  7396 | D:7      | Noticed Joseph
  7467 | D:7      | Paralysed by Joseph for 4 turns
  7695 | D:7      | Paralysed by Joseph for 3 turns
  7702 | D:6      | Reached skill level 5 in Throwing
  7776 | D:7      | Paralysed by Joseph for 4 turns
  8061 | D:7      | Paralysed by Joseph for 5 turns
  8068 | D:7      | Killed Joseph
  8392 | D:6      | Reached *** piety under Okawaru
  9018 | D:7      | Noticed Prince Ribbit
  9039 | D:7      | Killed Prince Ribbit
  9040 | D:7      | Reached XP level 10. HP: 62/88 MP: 8/11
  9829 | D:8      | Found a runed translucent door.
  9829 | D:8      | Noticed a brown ugly thing
  9829 | D:8      | Noticed s4kkeboi's ghost (novice TrFi)
 10214 | D:8      | Noticed an ice dragon
 10216 | D:8      | Found a runed translucent door.
 10218 | D:8      | Noticed an orc knight
 10218 | D:8      | Noticed a manticore
 10218 | D:8      | Noticed a cyclops
 10218 | D:8      | Noticed a tengu warrior
 10218 | D:8      | Noticed a wolf spider
 10943 | D:9      | Reached skill level 5 in Evocations
 11024 | D:9      | Identified the +1 flail "Judegg" {flame, MP+9}
 11668 | D:9      | Reached **** piety under Okawaru
 11852 | D:10     | Entered Level 10 of the Dungeon
 11852 | D:10     | Noticed Fannar
 11852 | D:10     | Found Fidamo's Distillery.
 11852 | D:10     | Found Ittoxzut's Antique Armour Shoppe.
 11852 | D:10     | Found Cevaso's Antique Armour Shoppe.
 11854 | D:10     | Bought a potion of curing for 36 gold pieces
 11854 | D:10     | Bought a potion of heal wounds for 60 gold pieces
 11854 | D:10     | Bought a potion of curing for 36 gold pieces
 11854 | D:10     | Bought a potion of ambrosia for 96 gold pieces
 11854 | D:10     | Bought a potion of curing for 36 gold pieces
 11854 | D:10     | Bought a potion of curing for 36 gold pieces
 12032 | D:10     | Noticed an orange crystal statue
 12154 | D:10     | Found a shimmering altar of Xom.
 12154 | D:10     | Found an ornate altar of the Wu Jian Council.
 12154 | D:10     | Found an ancient bone altar of Kikubaaqudgha.
 12173 | D:10     | Noticed Gastronok
 12306 | D:10     | Killed Gastronok
 12307 | D:10     | Reached skill level 5 in Invocations
 12420 | D:10     | Reached XP level 11. HP: 36/97 MP: 7/13
 12931 | D:11     | Noticed a boulder beetle
 12985 | D:10     | Identified the +3 spear of Peace {pain, rF++}
 13361 | D:10     | Killed Fannar
 13567 | D:10     | Noticed Nergalle
 14006 | D:10     | Found a staircase to the Orcish Mines.
 14051 | D:10     | Killed Nergalle
 14214 | D:10     | Found a roughly hewn altar of Beogh.
 15037 | D:11     | Killed a boulder beetle
 15158 | D:11     | Upgraded the game from 0.32-a0-891-gc41d80381e to
                  | 0.32-a0-898-g7811c86cf0
 15385 | D:11     | Noticed a two-headed ogre
 15393 | D:11     | Killed a two-headed ogre
 15394 | D:11     | Reached skill level 10 in Fighting
 15461 | D:11     | Reached ***** piety under Okawaru
 15522 | D:11     | Reached skill level 10 in Armour
 15589 | D:11     | Found a staircase to the Lair.
 15772 | D:11     | Reached skill level 10 in Shields
 15876 | D:11     | Noticed a purple ugly thing
 15895 | D:11     | Killed a purple ugly thing
 15895 | D:11     | Received a gift from Okawaru
 15997 | D:11     | Reached skill level 10 in Axes
 16075 | D:11     | Noticed a centaur warrior
 16088 | D:11     | Killed a centaur warrior
 16530 | D:10     | Bought a pair of glowing boots for 210 gold pieces
 16941 | D:8      | Killed a brown ugly thing
 16948 | D:8      | Killed s4kkeboi's ghost
 16949 | D:8      | Reached XP level 12. HP: 89/108 MP: 14/16
 17622 | D:12     | Noticed a two-headed ogre
 17693 | Lair:1   | Entered Level 1 of the Lair of Beasts
 17740 | Lair:1   | Identified the +1 chain mail "Giaxihy" {Fly}
 18211 | Lair:1   | Received a gift from Okawaru
 19242 | Lair:1   | Noticed a five-headed hydra
 21099 | Lair:3   | Found a staircase to the Swamp.
 21099 | Lair:3   | Noticed an alligator
 21192 | Lair:3   | Killed an alligator
 21303 | Lair:3   | Reached XP level 13. HP: 83/118 MP: 12/18
 22219 | Lair:3   | Found a staircase to the Snake Pit.
 22230 | Lair:3   | Received a gift from Okawaru
 23325 | Lair:4   | Noticed Nessos
 23339 | Lair:4   | Killed Nessos
 23706 | Lair:4   | Found a dark tunnel.
 23715 | Volcano  | Entered a volcano
 23824 | Volcano  | Received a gift from Okawaru
 23846 | Volcano  | Found a bloodstained altar of Trog.
 23877 | Volcano  | Found a radiant altar of Vehumet.
 24406 | Lair:4   | Noticed Rupert
 24426 | Lair:4   | Paralysed by Rupert for 2 turns
 24464 | Lair:5   | Entered Level 5 of the Lair of Beasts
 24471 | Arena    | Entered the Arena
 24475 | Arena    | HP: 3/122 [eight-headed hydra (5)]
 24475 | Arena    | Mangled by an eight-headed hydra

Illustrated notes

Levels and vault maps discovered:
D:1:      amcnicky_arrival_abandoned_market, layout_basic
D:2:      layout_basic
D:3:      layout_basic, uniq_ijyb, uniq_robin, uniq_sigmund
D:4:      layout_layer_cave
D:5:      layout_loops_cross, grunt_temple_overflow_open,
          minmay_temple_entry_fiery, kennysheep_generic_room_3,
          uniq_blork_the_orc
D:6:      layout_layer_cave, uniq_jeremiah
D:7:      layout_cave_pools, minmay_liquid_box,
          minmay_fractal_squares_diagonal_5, uniq_prince_ribbit1, uniq_joseph
D:8:      minmay_gate_of_8, layout_loops_ring, ebering_ghost_inner_flame
D:9:      layout_irregular_city
D:10:     layout_loops_ring, chequers_temple_overflow_statue_of_worship,
          minmay_orc_entry_temple_small, minivault_16,
          nicolae_shop_distant_corner_stores, hangedman_decor_clover_reticule,
          kennysheep_opposing_triangles, uniq_gastronok, uniq_fannar,
          uniq_nergalle
D:11:     layout_irregular_city, due_lair_maze_entry_diamond
D:12:     layout_rooms, chequers_hall_statues_wall_a, centaur_isle
Temple:   chequers_temple_sunken
Lair:1:   layout_cave_pods, nicolae_lair_lakeside_cave
Lair:2:   layout_gridlike, grunt_forest_stairs_basic
Lair:3:   layout_long_grid, mainiacjoe_swamp_entry_lozenge_pond,
          guppyfry_snake_entry_garden
Lair:4:   beast_lair_carwin_large_1, layout_regular_city,
          nicolae_volcano_entry_batcave, uniq_rupert, uniq_nessos
Lair:5:   minmay_lair_end_enchanted_forest, layout_regular_city,
          nicolae_slime_entry_slimehenge, basic_altar,
          infiniplex_staircase_pool_2
Arena

Skill      XL: |  1  2  3  4  5  6  7  8  9 10 11 12 13 |
---------------+----------------------------------------+-----
Fighting       | 4 5 6 8 9 10 12 13 | 13.2
Armour         | 4 5 6 7 9 10 11 13 | 13.1
Shields        | 4 5 6 7 8 10 11 13 | 13.0
Axes           | 3 4 5 6 7 8 10 11 12 | 12.9
Throwing       | 1 2 3 4 5 6 |  6.0
Evocations     | 1 2 3 4 5 |  5.0
Invocations    | 1 3 5 7 8 9 |  9.8

Action                     |  1- 3 |  4- 6 |  7- 9 | 10-12 | 13-15 || total
---------------------------+-------+-------+-------+-------+-------++-------
  Melee: War axe           |    62 |   116 |   253 |   692 |   174 ||  1297
         Headbutt          |    16 |    18 |    51 |   162 |    35 ||   282
  Throw: Stone             |     5 |    26 |    39 |       |       ||    70
         Boomerang         |       |       |    98 |   153 |    41 ||   292
         Dart              |       |       |    33 |   107 |    62 ||   202
 Invoke: Heroism           |       |       |       |    16 |     3 ||    19
         Finesse           |       |       |       |     2 |       ||     2
         Duel              |       |       |       |       |     1 ||     1
  Evoke: Wand              |       |       |     1 |     2 |     2 ||     5
    Use: Scroll            |       |     6 |     5 |    11 |     3 ||    25
         Potion            |       |     1 |       |       |     6 ||     7
 Armour: Scale mail        |    65 |    64 |       |       |       ||   129
         Leather armour    |       |    22 |    40 |       |       ||    62
         Chain mail        |       |       |   171 |       |       ||   171
         Plate armour      |       |       |   161 |   597 |   343 ||  1101
  Dodge: Dodged            |    31 |    42 |    93 |   183 |    84 ||   433
  Block: Buckler           |    13 |    23 |   100 |   201 |   101 ||   438

Table legend: (Time is in decaauts)
 A = Elapsed time spent in this place.
 B = Non-inter-level travel time spent in this place.
 C = Inter-level travel time spent in this place.
 D = Time resting spent in this place.
 E = Time spent auto-exploring this place.
 F = Levels seen in this place.
 G = Mean time per level.
                   A        B        C        D        E       F      G
               +--------+--------+--------+--------+--------+-----+--------+
         Total |  24682 |  22302 |   2380 |   7665 |   7415 |  20 | 1234.1 |
       Dungeon |  17813 |  15942 |   1871 |   5110 |   5239 |  12 | 1484.4 |
        Temple |     81 |     78 |      3 |      0 |      0 |   1 |   81.0 |
          Lair |   6563 |   6057 |    506 |   2555 |   2176 |   5 | 1312.6 |
       Volcano |    218 |    218 |      0 |      0 |      0 |   1 |  218.0 |
         Arena |      4 |      4 |      0 |      0 |      0 |   1 |    4.0 |
               +--------+--------+--------+--------+--------+-----+--------+

Top non-repeatable levels by time:
     D:6: 2695 daAuts
     D:9: 2428 daAuts
    D:10: 2356 daAuts
  Lair:2: 2162 daAuts
     D:5: 2040 daAuts
  Lair:3: 2020 daAuts
    D:11: 1761 daAuts
     D:8: 1688 daAuts
  Lair:1: 1562 daAuts
     D:7: 1217 daAuts
     D:2: 1119 daAuts
     D:3: 1001 daAuts
  Lair:4: 810 daAuts
     D:4: 792 daAuts
     D:1: 690 daAuts
